 Dungeon Crawl Stone Soup version 0.20-a0-331-g5b3579f (webtiles) character file.

704060 Havercy the Phalangite (level 27, -6/226 HPs)
             Began as a Mummy Gladiator on Dec 21, 2016.
             Was the Champion of Makhleb.
             Mangled by a soul eater (13 damage)
             ... in the Vestibule of Hell.
             The game lasted 03:00:38 (78891 turns).

Havercy the Phalangite (Mummy Gladiator)           Turns: 78891, Time: 03:00:39

Health: -6/226     AC: 18    Str: 22      XL:     27
Magic:  41/41      EV: 14    Int: 10 (22) God:    Makhleb [******]
Gold:   7463       SH: 21    Dex:  9 (16) Spells: 38/55 levels left

rFire  + + +     SeeInvis +     K - +9 demon trident (vamp)
rCold  + . .     Gourm    .     p - +8 fire dragon scales {Xtahua}
rNeg   + + +     Faith    .     i - +5 shield
rPois  ∞         Spirit   .     Q - +2 helmet {SInv}
rElec  +         Reflect  .     N - +2 cloak
rCorr  +         Harm     .     L - +0 pair of gloves of Virtue {rElec rF+ Int+3} (curse)
MR     +++++                    d - -5 pair of boots of Trumpets {rN++ MR+++}
Stlth  ..........               x - amulet of regeneration
                                Y - ring of Veptuxt {+Inv rF++ rC+ Int+6}
                                h - ring of resist corrosion

@: corroded, very slightly contaminated, repel missiles
A: no food or potions, fire vulnerability, cold resistance 1, negative energy
resistance 3, torment resistance, unbreathing, in touch with death 2
}: 3/15 runes: decaying, slimy, gossamer
a: Minor Destruction, Lesser Servant of Makhleb, Major Destruction, Greater
Servant of Makhleb, Renounce Religion, Evoke Invisibility


You were in the Vestibule of Hell.
You worshipped Makhleb.
Makhleb was exalted by your worship.
You were not hungry.

You visited 14 branches of the dungeon, and saw 59 of its levels.
You visited the Abyss 1 time.
You also visited: Ice Cave and Wizlab.

You collected 10985 gold pieces.
You spent 3522 gold pieces at shops.

Inventory:

Hand Weapons
 n - the +7 great mace "Undeadhunter" {disrupt, rN+}
   (You found it on level 3 of the Crypt)

   It protects you from negative energy.
 I - a +9 demon trident of freezing
 K - a +9 vampiric demon trident (weapon)
Armour
 d - the -5 pair of boots of Trumpets (worn) {rN++ MR+++}
   (You acquired it on level 4 of the Depths)

   It greatly protects you from negative energy.
   It affects your resistance to hostile enchantments.
 i - a +5 shield (worn)
 p - +8 fire dragon scales (worn) {Xtahua}
 B - the +7 chain mail of Life {-Cast rElec MR+ Str+4}
   (You bought it in a shop on level 5 of the Dungeon)

   It affects your strength (+4).
   It insulates you from electricity.
   It affects your resistance to hostile enchantments.
   It prevents spellcasting.
 C - the +2 pair of boots "Fasecu" {MR+ Str+4 Int+3}
   (You found it on level 4 of the Realm of Zot)

   It affects your strength (+4).
   It affects your intelligence (+3).
   It affects your resistance to hostile enchantments.
 H - the +2 cloak of Love and Death {rC- Int+8}
   (You found it on level 3 of the Elven Halls)

   It affects your intelligence (+8).
   It makes you vulnerable to cold.
 L - the cursed +0 pair of gloves of Virtue (worn) {rElec rF+ Int+3}
   (You found it on level 5 of the Pits of Slime)

   It affects your intelligence (+3).
   It protects you from fire.
   It insulates you from electricity.
   It has a curse placed upon it.
 N - a +2 cloak (worn)
 Q - a +2 helmet of see invisible (worn)
 R - a +0 large shield
Rods
 u - a +7 lightning rod (11/11)
   (You found it on level 5 of the Pits of Slime)
Jewellery
 b - a +4 ring of intelligence
 h - a ring of resist corrosion (left hand)
 o - a +5 ring of slaying
 x - an amulet of regeneration (around neck)
 O - an uncursed ring of flight
 Y - the ring of Veptuxt (right hand) {+Inv rF++ rC+ Int+6}
   (You bought it in a shop on level 3 of the Elven Halls)

   [ring of intelligence]

   It affects your intelligence (+6).
   It greatly protects you from fire.
   It protects you from cold.
   It lets you turn invisible.
Wands
 k - a wand of iceblast (9/15)
 m - a wand of digging (12/24)
 t - a wand of lightning (5/15)
 v - a wand of digging (0/24)
 A - a wand of acid (8/15)
Scrolls
 a - 3 scrolls of silence
 c - 4 scrolls of blinking
 e - 6 scrolls of fear
 f - 16 scrolls of teleportation
 j - 4 scrolls of recharging
 l - 26 scrolls of remove curse
 r - 8 scrolls of immolation
 w - 6 scrolls of enchant armour
 z - 5 scrolls of amnesia
 D - 4 scrolls of magic mapping
 F - 2 scrolls of enchant weapon
 G - 10 scrolls of identify
 J - 2 scrolls of fog
 T - 3 scrolls of vulnerability
 W - 3 scrolls of torment
Books
 s - a book of Power

   Spells                             Type                      Level
   a - Fulminant Prism                Conjuration/Hexes            4
   b - Iskenderun's Mystic Blast      Conjuration                  4
   c - Venom Bolt                     Conjuration/Poison           5
   d - Bolt of Magma                  Conjuration/Fire/Earth       5
   e - Iron Shot                      Conjuration/Earth            6
   f - Orb of Destruction             Conjuration                  7
   g - Spellforged Servitor           Conjuration/Summoning        7
Miscellaneous
 g - a sack of spiders
 y - a fan of gales
 S - 3 boxes of beasts
 U - a disc of storms


   Skills:
 + Level 20.4 Fighting
 - Level 0.2 Maces & Flails
 * Level 24.1 Polearms
 - Level 1.5 Throwing
 + Level 13.4 Armour
 + Level 9.5 Dodging
 + Level 21.8 Shields
 * Level 14.5 Spellcasting
 + Level 0.7 Charms
 * Level 10.5 Air Magic
 - Level 14.0 Invocations
 - Level 0.1 Evocations


You had 38 spell levels left.
You knew the following spells:

 Your Spells              Type           Power        Failure   Level  Hunger
a - Deflect Missiles      Chrm/Air       ###.......   100%        6    N/A
b - Repel Missiles        Chrm/Air       ###...       3%          2    N/A
c - Tornado               Air            ####......   100%        9    N/A

Dungeon Overview and Level Annotations

Branches:
Dungeon (15/15)            Temple (1/1) D:6            Lair (6/6) D:9
  Swamp (4/4) Lair:4       Spider (4/4) Lair:2        Slime (5/5) Lair:5
    Orc (2/2) D:9             Elf (3/3) Orc:2        Vaults (4/5) D:14
  Crypt (3/3) Vaults:3       Tomb (2/3) Crypt:3      Depths (5/5) D:15
   Hell (1/1)                 Zot (4/5) Depths:5
    Dis: Hell:1         Geh: Hell:1         Coc: Hell:1         Tar: Hell:1

Altars:
Ashenzari
Cheibriados
Dithmenos
Elyvilon
Fedhas
Gozag
Hepliaklqana
Kikubaaqudgha
Makhleb
Nemelex Xobeh
Okawaru
Qazlal
Ru
Sif Muna
Trog
Uskayaw
Vehumet
Xom
Yredelemnul
Zin
The Shining One
Beogh

Shops:
D:4 }   D:5 [   D:9 }   D:11 %   D:12 %   Orc:2 ((!   Elf:3 :}=}?   Vaults:1 ((
Vaults:4 (

Portals:
Hell: Depths:1 Depths:2 Depths:3 Depths:5
Abyss: Depths:2 Depths:4 Depths:5
Pandemonium: Depths:3
Ziggurat: Depths:2

Annotations:
Lair:2 exclusion: 2 oklob plants
Hell Geryon


Innate Abilities, Weirdness & Mutations

You do not eat or drink.
Your flesh is vulnerable to fire.
You are immune to poison.
Your flesh is cold resistant. (rC+)
You are immune to negative energy. (rN+++)
You are immune to unholy pain and torment.
You can survive without breathing.
You are strongly in touch with the powers of death.


Message History

A sun demon comes into view.
There is a gateway back into the Dungeon here.
Unknown command.
You block the hell beast's attack. The hell beast tramples you!
* * * LOW HITPOINT WARNING * * *
You stumble backwards!
You stop ascending the stairs.
The hell beast misses you. You block the hell beast's attack.
A soul eater comes into view.
Unknown command.
Unknown command.
Unknown command.
Unknown command.
Unknown command.
Blink to where?
Press: ? - help, Dir - move target cursor
As you read the scroll of blinking, it crumbles to dust.
A smoke demon comes into view.
The rust devil screeches!
The smoke demon roars!
The soul eater hits you!
You die...

##.......# #.....##
#...## ##...##
##..#..## ##.......##
##....#....##
##.#.....4§#.##
##...@....8∩...##
≈≈.##...3...#.24....##.
4≈≈...8................
.≈≈§§#.#..#...#..#.#...
h≈≈.3....3....2........
§§§##.......#.......##.
. ##.............##
##.#..4....#.##
##....#....##


You could see 2 iron golems, a hell beast, a reaper, a soul eater, a sun demon,
3 rust devils and a smoke demon.

Vanquished Creatures
  3 ancient liches
  2 orbs of fire
  A juggernaut (Depths:5)
  Boris (Tomb:1)
  The ghost of junb69 the Slayer, a veteran DrGl of Ashenzari (Depths:3)
  A greater mummy (Tomb:1)
  Xtahua (Depths:3)
  2 curse toes
  4 golden dragons
  A caustic shrike (Depths:5)
  3 profane servitors
  10 bone dragons (Abyss:1)
  10 liches
  2 hellephants (Abyss:1)
  Jorgrun (Tomb:1)
  10 tentacled monstrosities
  3 Hell Sentinels (Abyss:1)
  The ghost of dondy the Severer, an adept HOMo of Beogh (Spider:4)
  9 quicksilver dragons
  A titan (Depths:5)
  18 acid blobs
  26 tentacled starspawn (Abyss:1)
  Frances (Spider:2)
  8 sphinxes
  8 death cobs
  2 Executioners (Abyss:1)
  4 tengu reavers
  Gastronok (Lair:1)
  7 ancient champions
  18 storm dragons
  7 shadow dragons
  7 revenants
  3 draconian monks
  Kirke (D:13)
  Donald (Spider:2)
  10 azure jellies
  7 fire giants
  5 draconian scorchers
  2 daevas (Abyss:1)
  7 frost giants
  3 ghost moths
  5 deep elf sorcerers
  Aizul (Vaults:2)
  7 vault wardens
  7 draconian knights
  A cacodemon (Abyss:1)
  A balrug (Abyss:1)
  An angel (Abyss:1)
  5 ghouls
  Louise (Spider:2)
  2 draconian shifters
  2 emperor scorpions (Spider:4)
  2 ironheart preservers
  2 curse skulls
  3 deep elf elementalists
  A spriggan defender (Depths:5)
  4 draconian annihilators
  4 draconian stormcallers (Zot:4)
  4 war gargoyles
  2 deep elf demonologists
  A bennu (Tomb:1)
  2 reapers
  22 very ugly things
  17 stone giants
  8 green draconians
  7 vampire knights
  3 entropy weavers
  3 lorocyprocas
  152 starcursed masses (Abyss:1)
  16 black draconians
  6 spark wasps
  2 deep elf annihilators (Vaults:3)
  2 eidola
  13 purple draconians
  7 red draconians
  9 white draconians
  12 yellow draconians
  5 deep elf death magi
  2 blizzard demons (Abyss:1)
  2 green deaths (Abyss:1)
  3 death oozes (Slime:5)
  11 ettins
  2 jiangshi
  8 mummy priests
  13 fire dragons
  3 deep elf high priests
  11 yaktaur captains
  2 quicksilver dragon zombies (Abyss:1)
  18 great orbs of eyes
  Josephine (Lair:5)
  6 vault guards
  Harold (Lair:1)
  8 hydras
  10 rakshasas
  4 death knights
  11 ice dragons
  A spriggan air mage (Depths:5)
  Erica (Orc:1)
  8 centaur warriors
  4 deep troll shamans
  The ghost of RogueShenanigans the Cleaver, a novice MiFi of Okawaru (D:9)
  10 ogre magi
  42 two-headed ogres
  13 dancing weapons
  3 death yaks
  4 tengu warriors
  7 vampire magi
  Urug (Lair:5)
  5 alligators
  6 death scarabs (Tomb:1)
  35 thrashing horrors (Abyss:1)
  6 deep troll earth magi
  2 hell hogs
  11 deep elf knights
  4 spriggan berserkers
  Nergalle (Orc:2)
  10 soul eaters
  A sun demon (Abyss:1)
  A titan skeleton (Abyss:1)
  18 hell knights
  3 iron trolls
  37 wretched stars (Abyss:1)
  4 storm dragon zombies
  22 skeletal warriors
  15 spatial maelstroms (Abyss:1)
  2 death drakes (Abyss:1)
  25 deep trolls
  3 glowing orange brains (Abyss:1)
  12 sixfirhies (Abyss:1)
  4 unseen horrors
  A death drake (shapeshifter) (Vaults:1)
  5 shadow wraiths
  An orange crystal statue (Elf:2)
  15 flayed ghosts
  17 phantasmal warriors
  6 wizards
  A tengu zombie (WizLab)
  3 shambling mangroves
  8 swamp dragons
  2 unseen horrors (shapeshifter)
  9 deep elf archers
  6 orc knights
  8 ironbrand convokers
  An iron dragon zombie (WizLab)
  12 necromancers
  A lindwurm (Lair:6)
  45 deep elf magi
  A harpy (Vaults:3)
  3 orb spiders
  9 wolf spiders
  4 orc sorcerers (Orc:2)
  A shadow dragon skeleton (Abyss:1)
  6 shining eyes
  32 ugly things
  2 frost giant zombies
  14 worldbinders (Abyss:1)
  3 iron dragon skeletons
  3 cyclopes
  A manticore (shapeshifter) (Vaults:2)
  9 vault sentinels
  2 manticores
  21 moths of wrath
  2 black mambas (shapeshifter)
  4 rust devils
  2 guardian serpents (Abyss:1)
  A stone giant skeleton (Abyss:1)
  2 demonspawn zombies (WizLab)
  A black mamba (Lair:2)
  An ice statue (IceCv)
  3 elephants (Lair:5)
  Maurice (D:13)
  30 smoke demons (Abyss:1)
  A frost giant skeleton (Abyss:1)
  6 apocalypse crabs (Abyss:1)
  7 orange demons (Abyss:1)
  A torpor snail (shapeshifter) (Depths:5)
  10 spiny frogs
  6 fire giant skeletons (Crypt:3)
  2 torpor snails
  A dire elephant skeleton (Crypt:3)
  7 gargoyles
  4 eyes of devastation
  4 centaur skeletons
  8 efreet (Abyss:1)
  A storm dragon simulacrum (Vaults:2)
  3 yaktaur zombies
  A grey draconian zombie (Crypt:1)
  6 demonic crawlers
  A komodo dragon (shapeshifter) (Abyss:1)
  A rime drake (shapeshifter) (Vaults:1)
  2 rime drakes
  A hellion (Abyss:1)
  2 human zombies
  3 komodo dragons
  3 ice devils
  A yaktaur skeleton (Vaults:2)
  An anaconda simulacrum (Abyss:1)
  27 ancient zymes (Abyss:1)
  19 guardian mummies
  A queen bee (shapeshifter) (Vaults:4)
  4 red devils (Abyss:1)
  6 hellwings (Abyss:1)
  9 freezing wraiths
  43 yaktaurs
  A tormentor (Abyss:1)
  2 tengu conjurers (Depths:5)
  A catoblepas skeleton (Crypt:2)
  2 meliai (D:15)
  4 trolls
  A polar bear (shapeshifter) (Abyss:1)
  4 tyrant leeches
  9 jumping spiders
  90 slime creatures
  8 bog bodies
  2 spriggan zombies (WizLab)
  14 polar bears (IceCv)
  A snapping turtle (shapeshifter) (Depths:2)
  2 hydra skeletons
  3 ettin zombies
  A deep troll zombie (WizLab)
  Grinder (D:6)
  A harpy skeleton (Crypt:2)
  57 raiju (Abyss:1)
  10 hornets
  11 blink frogs
  An ice dragon zombie (Abyss:1)
  19 flying skulls
  7 hippogriffs
  A dream sheep (Lair:6)
  2 hippogriffs (shapeshifter)
  A black mamba zombie (Abyss:1)
  7 shadows
  4 vampires
  12 ynoxinuls (Abyss:1)
  27 redbacks
  8 fire dragon skeletons
  2 humans (shapeshifter)
  12 tarantellas
  10 water elementals
  4 wyverns
  17 wraiths
  4 fire bats (Abyss:1)
  55 yaks
  2 golden eyes (Abyss:1)
  8 hungry ghosts
  20 chaos spawn (Abyss:1)
  8 fire elementals
  2 hogs (D:13)
  A steam dragon (D:13)
  3 basilisks
  18 neqoxecs (Abyss:1)
  3 ushabtiu (Tomb:1)
  13 vampire mosquitoes
  A wind drake skeleton (Crypt:2)
  A yaktaur simulacrum (Vaults:2)
  82 large abominations
  An infernal demonspawn zombie (WizLab)
  41 spatial vortices (Abyss:1)
  13 insubstantial wisps
  3 soldier ants
  10 swamp worms
  4 wargs
  6 water moccasins
  3 acid dragons
  3 porcupines
  11 hell hounds
  A spriggan simulacrum (Depths:2)
  19 orc warriors
  6 swamp drakes
  6 ice beasts
  9 sky beasts
  4 black bears
  2 necrophages (Crypt:3)
  16 eyes of draining
  17 boggarts
  3 elf zombies (Elf:3)
  An ogre (shapeshifter) (D:13)
  33 ogres
  24 wolves
  A tengu (shapeshifter) (Vaults:3)
  8 centaurs
  A dream sheep skeleton (Crypt:2)
  2 snapping turtle skeletons
  7 crocodiles
  A human skeleton (Vaults:2)
  4 big kobolds
  17 bullfrogs
  3 gnoll sergeants
  2 earth elementals (Elf:1)
  An ogre simulacrum (Vaults:1)
  74 small abominations (Abyss:1)
  3 scorpions
  A troll zombie (Swamp:1)
  8 killer bees
  14 wights
  2 howler monkeys
  2 troll skeletons (Swamp:1)
  10 crimson imps
  A bullfrog zombie (D:7)
  2 centaur zombies
  Crazy Yiuf (D:7)
  15 quasits
  13 iron imps (Abyss:1)
  21 orc wizards
  14 hounds
  11 orc priests
  A jelly (Abyss:1)
  3 bullfrog skeletons
  4 iguanas
  Ijyb (D:3)
  14 worker ants
  A dwarf skeleton (Crypt:2)
  A big kobold skeleton (Crypt:2)
  A hound zombie (D:11)
  36 mummies
  9 gnolls
  15 adders
  A howler monkey skeleton (D:7)
  A steam dragon zombie (Crypt:2)
  3 shadow imps
  13 white imps
  16 ufetubi (Abyss:1)
  2 oozes
  2 adder zombies
  2 worms
  A dart slug (D:2)
  3 leopard geckos
  55 orcs
  10 giant cockroaches
  10 goblins
  7 hobgoblins
  11 jackals
  6 quokkas
  A ball python (D:5)
  12 bats
  5 frilled lizards
  A goblin skeleton (Crypt:2)
  18 kobolds
  A kobold skeleton (Crypt:3)
  A kobold zombie (Abyss:1)
  2 leopard gecko zombies
  A quokka skeleton (D:8)
  23 rats
  2 briar patches (Swamp:4)
  2 crawling corpses (Elf:2)
  4 lurking horrors (Abyss:1)
  28 starspawn tentacles (Abyss:1)
2869 creatures vanquished.

Vanquished Creatures (collateral kills)
  the Royal Jelly (Slime:5)
  A juggernaut (Depths:5)
  An ancient lich (Crypt:3)
  Sojobo (Vaults:2)
  Margery (Depths:5)
  A bone dragon (Crypt:2)
  Nikola (Spider:2)
  A tentacled monstrosity (Depths:5)
  A deep elf master archer (Elf:3)
  2 deep elf blademasters (Elf:3)
  7 sphinxes
  2 acid blobs
  2 tengu reavers
  A shadow dragon (Depths:5)
  A thorn hunter (Swamp:4)
  An azure jelly (Slime:5)
  2 revenants
  4 fire giants
  2 frost giants (Depths:5)
  4 ghost moths
  An emperor scorpion (Spider:4)
  6 deep elf sorcerers (Elf:3)
  4 vault wardens
  A large abomination (Elf:3)
  6 ironheart preservers
  A ghoul (Vaults:4)
  3 spriggan defenders (Depths:5)
  3 deep elf elementalists
  The ghost of confidenceinterval the Impaler, a journeyman MfGl of Okawaru (Lair:6)
  A war gargoyle (Crypt:3)
  2 entropy weavers
  4 very ugly things
  7 stone giants
  A bennu (Tomb:1)
  3 deep elf demonologists
  Nessos (Lair:4)
  A dire elephant (Lair:6)
  Azrael (D:15)
  2 vampire knights
  2 deep elf annihilators (Elf:3)
  4 spark wasps
  A yellow draconian (Zot:2)
  2 eidola
  2 ettins
  5 deep elf death magi
  3 deep elf high priests (Elf:3)
  5 fire dragons
  3 great orbs of eyes
  8 yaktaur captains
  6 jiangshi
  2 ice dragons
  4 ogre magi
  Fannar (D:9)
  12 hydras
  A centaur warrior (Vaults:1)
  6 vault guards
  A catoblepas (Lair:6)
  3 alligators
  10 dancing weapons
  9 two-headed ogres
  2 deep troll shamans (Depths:5)
  A deep troll earth mage (Vaults:4)
  A death scarab (Tomb:1)
  3 death knights
  A tengu warrior (Depths:2)
  5 death yaks
  2 vampire magi
  A spriggan berserker (Swamp:4)
  7 deep elf knights
  2 titan zombies (Crypt:2)
  2 spriggans
  A hellephant skeleton (Crypt:1)
  9 skeletal warriors
  A fire crab (shapeshifter) (Depths:2)
  An unseen horror (Vaults:1)
  4 hell knights
  2 deep trolls
  A wizard (Vaults:1)
  12 swamp dragons
  4 flayed ghosts
  4 orc knights (Vaults:3)
  3 glowing orange brains
  A lindwurm (Lair:6)
  2 phantasmal warriors
  4 ironbrand convokers
  2 shambling mangroves
  7 deep elf archers
  32 deep elf magi
  6 necromancers
  An orb spider (shapeshifter) (Vaults:2)
  3 harpies
  2 cyclopes
  10 orb spiders
  An iron dragon zombie (Crypt:1)
  17 wolf spiders
  10 ugly things
  A stone giant zombie (Depths:1)
  2 shining eyes
  An orc sorcerer (Orc:2)
  2 manticores
  A sphinx skeleton (Crypt:1)
  8 elephants
  A black mamba (Lair:6)
  A rust devil (D:12)
  A moth of wrath (Spider:4)
  A fire giant skeleton (Crypt:3)
  A centaur zombie (D:15)
  A shock serpent zombie (Crypt:1)
  A spiny frog (Swamp:1)
  7 vault sentinels
  A storm dragon simulacrum (Vaults:2)
  2 torpor snails
  An orange demon (D:12)
  A human zombie (Vaults:2)
  7 komodo dragons
  6 demonic crawlers
  4 freezing wraiths
  A green draconian zombie (Crypt:1)
  19 yaktaurs
  4 rime drakes
  A swamp worm zombie (Crypt:1)
  A redback zombie (Spider:3)
  A catoblepas skeleton (Crypt:3)
  16 jumping spiders
  3 polar bears
  A death drake zombie (Crypt:2)
  3 tyrant leeches
  4 meliai
  10 hornets
  A troll (Orc:1)
  A sphinx simulacrum (Vaults:2)
  5 bog bodies
  10 blink frogs
  5 dream sheep (Lair:6)
  A jumping spider zombie (Crypt:1)
  25 slime creatures
  A deep troll zombie (WizLab)
  5 hippogriffs
  2 fire dragon zombies (Crypt:2)
  41 yaks
  3 fire dragon skeletons (Crypt:3)
  4 fire elementals
  8 wraiths
  43 redbacks
  A water elemental (Elf:3)
  An air elemental (Elf:1)
  19 tarantellas
  A wyvern (Lair:6)
  A shadow (Swamp:1)
  5 basilisks
  13 vampire mosquitoes
  A steam dragon (Lair:6)
  An emperor scorpion simulacrum (Crypt:2)
  A warg (Vaults:3)
  A hungry ghost (Crypt:3)
  10 swamp worms
  6 insubstantial wisps
  A swamp worm (shapeshifter) (Depths:5)
  3 acid dragons
  2 hell hounds
  4 water moccasins
  A spiny frog zombie (Crypt:2)
  11 orc warriors
  12 swamp drakes
  2 porcupines
  A sky beast (D:11)
  6 elf zombies (Elf:3)
  11 wolves
  A hornet zombie (D:15)
  5 ogres
  4 boggarts
  A boggart (shapeshifter) (Vaults:4)
  A blink frog skeleton (Crypt:1)
  A snapping turtle skeleton (Crypt:2)
  4 centaurs
  A big kobold (D:11)
  7 crocodiles
  An earth elemental (Elf:1)
  2 bullfrogs
  2 scorpions (Lair:2)
  A troll zombie (Swamp:1)
  A killer bee (D:11)
  5 wights
  3 crimson imps
  A hound (D:11)
  2 bullfrog zombies (D:11)
  3 orc priests
  12 orc wizards
  An iguana (Lair:6)
  4 worker ants
  A hell rat (Lair:6)
  A deep dwarf skeleton (Crypt:2)
  2 mummies (Crypt:3)
  2 gnolls (D:9)
  26 orcs
  A giant cockroach (Lair:2)
  4 kobolds
  2 briar patches (Swamp:4)
  3 crawling corpses
  6 fungi
  11 plants
850 creatures vanquished.

Vanquished Creatures (others)
  An ancient lich (Depths:5)
  3 profane servitors
  A bone dragon (Crypt:3)
  5 ghouls
  9 vampire knights
  An ogre mage (Depths:2)
  A deep elf high priest (Elf:3)
  A two-headed ogre (Depths:2)
  4 death scarabs
  A vampire mage (Depths:3)
  8 skeletal warriors
  9 flayed ghosts
  A deep elf mage (Elf:1)
  11 phantasmal warriors
  A moth of wrath (Zot:4)
  2 centaur zombies
  A yaktaur zombie (Vaults:3)
  2 death yak zombies
  3 human zombies (Vaults:1)
  A redback zombie (Spider:3)
  A yaktaur (Depths:2)
  3 harpy zombies (Vaults:3)
  A hydra zombie (Swamp:4)
  A jumping spider zombie (Spider:4)
  An ugly thing zombie (D:13)
  An ettin zombie (Vaults:3)
  A meliai zombie (D:15)
  8 flying skulls
  7 vampires
  3 wraiths
  A yak (IceCv)
  A human (D:13)
  2 deep troll zombies (Vaults:3)
  An orb spider zombie (Spider:4)
  3 blink frog zombies (Lair:2)
  An elf zombie (Elf:3)
  An ogre (Vaults:2)
  A wolf (shapeshifter) (Abyss:1)
  2 boggarts (Vaults:3)
  A torpor snail zombie (Spider:3)
  3 vampire mosquito zombies (D:12)
  2 hippogriff zombies
  3 komodo dragon zombies
  2 wyvern zombies
  A water moccasin zombie (Lair:4)
  2 troll zombies
  2 polar bear zombies (IceCv)
  A cyclops zombie (D:14)
  18 yak zombies
  3 wights
  4 wolf zombies
  3 bullfrog zombies
  A starcursed mass (Abyss:1)
  A quasit (Abyss:1)
  An orc wizard (D:12)
  3 porcupine zombies
  A crocodile zombie (Lair:2)
  An ogre zombie (Orc:2)
  A hound zombie (D:12)
  3 mummies
  A worker ant zombie (Lair:3)
  A gnoll (Orc:1)
  An ogre simulacrum (Tomb:2)
  An ufetubus (Abyss:1)
  3 orcs
  4 kobold zombies
  20 orc zombies
  A bush (Lair:5)
  13 fungi
  2 lurking horrors (Abyss:1)
  5 plants
  47 starspawn tentacles (Abyss:1)
  22 withered plants (Crypt:3)
284 creatures vanquished.

Grand Total: 4003 creatures vanquished

Notes
Turn   | Place    | Note
-------+----------+-------------------------------------------
     0 | D:1      | Havercy the Mummy Gladiator began the quest for the Orb.
     0 | D:1      | Reached XP level 1. HP: 16/16 MP: 1/1
   536 | D:1      | Reached XP level 2. HP: 20/22 MP: 2/2
  1047 | D:2      | Reached skill level 3 in Polearms
  1106 | D:2      | Reached XP level 3. HP: 24/27 MP: 3/3
  1750 | D:3      | Reached XP level 4. HP: 26/33 MP: 4/4
  1865 | D:3      | Found a burning altar of Makhleb.
  1865 | D:3      | Found a blossoming altar of Fedhas.
  1982 | D:3      | Noticed Ijyb
  2011 | D:3      | Killed Ijyb
  2011 | D:3      | Reached skill level 1 in Armour
  2018 | D:3      | Reached XP level 5. HP: 24/39 MP: 5/5
  2210 | D:3      | Reached skill level 4 in Polearms
  2537 | D:4      | Found Jyll's Gadget Boutique.
  3042 | D:5      | Entered Level 5 of the Dungeon
  3107 | D:5      | Reached XP level 6. HP: 42/46 MP: 6/6
  3113 | D:5      | Reached skill level 5 in Polearms
  3120 | D:5      | Reached skill level 1 in Shields
  3436 | D:5      | Reached XP level 7. HP: 47/51 MP: 7/7
  3458 | D:5      | Found Caehopn's Armour Emporium.
  3718 | D:5      | Reached skill level 6 in Polearms
  4362 | D:6      | Found a staircase to the Ecumenical Temple.
  4373 | Temple   | Entered the Ecumenical Temple
  4497 | Temple   | Became a worshipper of Yredelemnul the Dark
  4563 | D:6      | Reached XP level 8. HP: 58/58 MP: 8/8
  4639 | D:6      | Found a hide-covered altar of Uskayaw.
  4753 | D:6      | Noticed Grinder
  4770 | D:6      | Killed Grinder
  4770 | D:6      | Reached skill level 7 in Polearms
  5506 | D:7      | Reached * piety under Yredelemnul
  5528 | D:7      | Got a jewelled chain mail
  5539 | D:7      | Identified the +5 chain mail of Hadjma {rPois Dex+2} (You found it on level 7 of the Dungeon)
  5680 | D:7      | Reached skill level 8 in Polearms
  5757 | D:7      | Got a jewelled flail
  5770 | D:7      | Identified the cursed +1 flail "Katwam Qeev" {crush, Int+2} (You found it on level 7 of the Dungeon)
  5878 | D:7      | Found a glowing silver altar of Zin.
  5908 | D:7      | Found a runed door.
  5912 | D:7      | Noticed Crazy Yiuf
  5920 | D:7      | Killed Crazy Yiuf
  5997 | D:8      | Reached XP level 9. HP: 39/64 MP: 9/9
  6283 | D:8      | Noticed a two-headed ogre
  6594 | D:8      | Killed a two-headed ogre
  6594 | D:8      | Reached skill level 9 in Polearms
  7104 | D:8      | Reached ** piety under Yredelemnul
  7450 | D:9      | Found a deep blue altar of Sif Muna.
  7586 | D:9      | Found a staircase to the Lair.
  7629 | D:9      | Found Lamoas's Gadget Shoppe.
  7642 | D:9      | Noticed a two-headed ogre
  7662 | D:10     | Entered Level 10 of the Dungeon
  8203 | D:10     | Reached XP level 10. HP: 73/73 MP: 10/10
  8404 | D:10     | Noticed a two-headed ogre
  8608 | D:10     | Noticed a wizard
  8611 | D:10     | Noticed a wizard
  8714 | D:9      | Killed a two-headed ogre
  8714 | D:9      | Reached skill level 10 in Polearms
  8714 | D:9      | Reached skill level 5 in Shields
  8714 | D:9      | Reached skill level 1 in Invocations
  8778 | D:9      | Reached skill level 5 in Fighting
  8963 | D:9      | Noticed RogueShenanigans's ghost (novice MiFi)
  9150 | Lair:1   | Entered Level 1 of the Lair of Beasts
  9261 | Lair:1   | Noticed a spiny frog
  9269 | Lair:1   | Killed a spiny frog
  9391 | Lair:1   | Reached *** piety under Yredelemnul
  9568 | Lair:1   | Noticed Gastronok
  9570 | Lair:1   | Noticed Harold
  9698 | Lair:2   | Reached skill level 11 in Polearms
  9792 | Lair:2   | Reached XP level 11. HP: 45/80 MP: 11/13
 10008 | Lair:2   | Found a hole to the Spider Nest.
 10303 | Lair:2   | Noticed an oklob plant
 10411 | Lair:2   | Reached **** piety under Yredelemnul
 10411 | Lair:2   | Received a gift from Yredelemnul (a wight)
 10856 | Lair:2   | Received a gift from Yredelemnul (a wight)
 11091 | Lair:2   | Noticed an oklob plant
 11528 | Lair:3   | Reached skill level 12 in Polearms
 11656 | Lair:3   | Noticed a five-headed hydra
 11716 | Lair:4   | Found a white marble altar of Elyvilon.
 11757 | Lair:4   | Noticed a death yak
 11805 | Lair:4   | Killed a death yak
 11836 | Lair:4   | Noticed Nessos
 11909 | Lair:4   | Reached XP level 12. HP: 67/89 MP: 12/15
 11915 | Lair:4   | Received a gift from Yredelemnul (a mummy)
 12278 | Lair:4   | Reached skill level 5 in Armour
 12324 | Lair:4   | Found a staircase to the Swamp.
 12329 | Lair:4   | Noticed a death yak
 12329 | Lair:4   | Noticed a death yak
 12345 | Lair:4   | Killed a death yak
 12348 | Lair:4   | Killed a death yak
 12434 | Lair:4   | Killed Nessos
 12434 | Lair:4   | Reached skill level 5 in Invocations
 12541 | Lair:4   | Received a gift from Yredelemnul (a wraith)
 12848 | Lair:1   | Got a pitted trident
 12849 | Lair:1   | Identified the +6 trident of Gravity {venom, +Blink Str+6 Stlth+} (You found it on level 1 of the Lair of Beasts)
 12901 | Lair:1   | Killed Gastronok
 13027 | Lair:1   | You fall through a shaft!
 13068 | Lair:1   | Killed Harold
 13280 | D:9      | Killed RogueShenanigans's ghost
 13417 | D:9      | Received a gift from Yredelemnul (a wight)
 13517 | D:9      | Found a staircase to the Orcish Mines.
 13583 | D:9      | Received a gift from Yredelemnul (4 flying skulls)
 13597 | Orc:1    | Entered Level 1 of the Orcish Mines
 13598 | Orc:1    | Noticed Fannar
 13650 | D:9      | Killed Fannar
 13692 | Orc:1    | Noticed Erica
 13692 | Orc:1    | Reached ***** piety under Yredelemnul
 13719 | Orc:1    | Killed Erica
 13720 | Orc:1    | Received a gift from Yredelemnul (a wraith)
 14207 | D:5      | Bought the +7 chain mail of Life {-Cast rElec MR+ Str+4} for 665 gold pieces
 14338 | Orc:2    | Entered Level 2 of the Orcish Mines
 14371 | Orc:2    | Noticed a two-headed ogre
 14379 | Orc:2    | Killed a two-headed ogre
 14379 | Orc:2    | Reached skill level 13 in Polearms
 14422 | Orc:2    | Received a gift from Yredelemnul (3 flying skulls)
 14639 | Orc:2    | Found a staircase to the Elven Halls.
 14645 | Orc:2    | Received a gift from Yredelemnul (a wraith)
 14702 | Orc:2    | Found Leqew's Distillery.
 14703 | Orc:2    | Noticed an ogre mage
 14713 | Orc:2    | Gained mutation: You are in touch with the powers of death. [Mummy growth]
 14713 | Orc:2    | Reached XP level 13. HP: 96/96 MP: 17/17
 14851 | Orc:2    | Found an ancient bone altar of Kikubaaqudgha.
 14851 | Orc:2    | Noticed Nergalle
 14884 | Orc:2    | Killed Nergalle
 14898 | Orc:2    | Found Maeru's Antique Weapon Shoppe.
 14938 | Orc:2    | Found a radiant altar of Vehumet.
 15020 | Orc:2    | Found Faull's Gadget Emporium.
 15058 | Orc:2    | Found a roughly hewn altar of Beogh.
 15058 | Orc:2    | Found Xegg's Antique Weapon Shoppe.
 15084 | Orc:2    | Received a gift from Yredelemnul (a vampire)
 15667 | D:11     | Found Xyrphugaa's Food Emporium.
 15713 | D:11     | Received a gift from Yredelemnul (a phantasmal warrior)
 15763 | D:11     | Found a frozen archway.
 15773 | IceCv    | Entered an ice cave
 15783 | IceCv    | Received a gift from Yredelemnul (a vampire)
 16194 | IceCv    | Noticed a frost giant
 16219 | IceCv    | Killed a frost giant
 16255 | IceCv    | Identified Sif Muna's Handbook of the Snowflakes
 17323 | D:12     | Reached skill level 5 in Dodging
 17393 | D:12     | Received a gift from Yredelemnul (a flayed ghost)
 17652 | D:12     | Reached skill level 14 in Polearms
 17711 | D:12     | Reached XP level 14. HP: 105/105 MP: 19/19
 17965 | D:12     | Reached ****** piety under Yredelemnul
 18449 | D:12     | Found Moczix's Food Emporium.
 18549 | D:12     | Found a runed door.
 18643 | D:12     | Received a gift from Yredelemnul (a flayed ghost)
 18918 | D:12     | Got an ichor-stained chain mail
 18933 | D:12     | Identified the +7 chain mail "Peym" {+Inv Str+6} (You found it on level 12 of the Dungeon)
 19093 | D:13     | Reached skill level 10 in Shields
 19447 | D:13     | Noticed Kirke
 19450 | D:13     | Noticed Maurice
 19463 | D:13     | Killed Kirke
 19472 | D:13     | Killed Maurice
 20196 | D:14     | Received a gift from Yredelemnul (a vampire knight)
 20418 | D:14     | Found a gate to the Vaults.
 20463 | D:14     | Received a gift from Yredelemnul (a phantasmal warrior)
 20548 | D:14     | Received a gift from Yredelemnul (a flayed ghost)
 20836 | D:14     | Received a gift from Yredelemnul (a ghoul)
 20883 | D:15     | Entered Level 15 of the Dungeon
 20953 | D:15     | Found a staircase to the Depths.
 21239 | D:15     | Reached XP level 15. HP: 111/113 MP: 21/21
 21313 | D:15     | Received a gift from Yredelemnul (a profane servitor)
 21327 | D:15     | Found a stormy altar of Qazlal.
 21459 | D:15     | Found a deep blue altar of Sif Muna.
 21600 | D:15     | Noticed Azrael
 21603 | D:15     | Found a white marble altar of Elyvilon.
 21607 | D:15     | Killed Azrael
 22496 | Lair:5   | Noticed Josephine
 22505 | Lair:5   | Killed Josephine
 22648 | Lair:5   | Noticed Urug
 22660 | Lair:5   | Killed Urug
 23342 | Lair:5   | Found a staircase to the Slime Pits.
 23726 | Lair:5   | Received a gift from Yredelemnul (a vampire knight)
 23736 | Lair:6   | Entered Level 6 of the Lair of Beasts
 23831 | Lair:6   | Received a gift from Yredelemnul (a profane servitor)
 24140 | Lair:6   | Received a gift from Yredelemnul (a bone dragon)
 24368 | Lair:6   | Noticed confidenceinterval's ghost (journeyman MfGl)
 24392 | Lair:6   | Killed confidenceinterval's ghost
 24392 | Lair:6   | Reached skill level 15 in Polearms
 25084 | Swamp:1  | Entered Level 1 of the Swamp
 25091 | Swamp:1  | Reached skill level 10 in Fighting
 25383 | Swamp:1  | Received a gift from Yredelemnul (a vampire knight)
 26506 | Swamp:2  | Received a gift from Yredelemnul (a flayed ghost)
 26937 | Swamp:2  | Received a gift from Yredelemnul (a vampire knight)
 27274 | Swamp:3  | Reached XP level 16. HP: 122/122 MP: 23/23
 27675 | Swamp:3  | Received a gift from Yredelemnul (a phantasmal warrior)
 27979 | Swamp:4  | Entered Level 4 of the Swamp
 28035 | Swamp:4  | Noticed a thorn hunter
 28050 | Swamp:4  | Killed a thorn hunter
 28187 | Swamp:4  | Got a jewelled plate armour
 28198 | Swamp:4  | Identified the +4 plate armour of Daisies {Str+6 Int+2} (You found it on level 4 of the Swamp)
 28642 | Swamp:4  | Received a gift from Yredelemnul (a phantasmal warrior)
 28991 | Swamp:4  | Received a gift from Yredelemnul (a vampire knight)
 29193 | Swamp:4  | Got a decaying rune of Zot
 29618 | Spider:1 | Entered Level 1 of the Spider Nest
 29733 | Spider:1 | You fall through a shaft!
 29749 | Spider:2 | Reached skill level 10 in Invocations
 29888 | Spider:2 | Noticed Frances
 29894 | Spider:2 | Noticed Louise
 29911 | Spider:2 | Killed Frances
 29919 | Spider:2 | Killed Louise
 29923 | Spider:2 | Received a gift from Yredelemnul (a vampire)
 30072 | Spider:2 | Noticed Nikola
 30082 | Spider:2 | Killed Nikola
 30083 | Spider:2 | Received a gift from Yredelemnul (a phantasmal warrior)
 30209 | Spider:2 | Noticed Donald
 30217 | Spider:2 | Killed Donald
 30593 | Spider:1 | Received a gift from Yredelemnul (a profane servitor)
 31106 | Spider:3 | Reached XP level 17. HP: 130/130 MP: 24/24
 31243 | Spider:3 | Received a gift from Yredelemnul (a vampire knight)
 31417 | Spider:3 | Received a gift from Yredelemnul (a ghoul)
 31606 | Spider:4 | Entered Level 4 of the Spider Nest
 31666 | Spider:4 | Noticed dondy's ghost (adept HOMo)
 31690 | Spider:4 | Killed dondy's ghost
 31992 | Spider:4 | Received a gift from Yredelemnul (a vampire)
 32284 | Spider:4 | Reached skill level 15 in Shields
 32290 | Spider:4 | Received a gift from Yredelemnul (a phantasmal warrior)
 32591 | Spider:4 | Got a gossamer rune of Zot
 32781 | Vaults:1 | Entered Level 1 of the Vaults
 32787 | Vaults:1 | Received a gift from Yredelemnul (a vampire knight)
 33175 | Vaults:1 | Received a gift from Yredelemnul (a phantasmal warrior)
 33406 | Vaults:1 | Received a gift from Yredelemnul (a skeletal warrior)
 33947 | Vaults:1 | Received a gift from Yredelemnul (a phantasmal warrior)
 34151 | Vaults:1 | Found Qahioqe's Antique Weapon Shoppe.
 34234 | Vaults:1 | Found Ofynekhle's Weapon Boutique.
 34485 | Vaults:2 | Got a warped dire flail
 34486 | Vaults:2 | Identified the +4 dire flail of Scorn {elec, rF+ MR- Dex+8} (You found it on level 2 of the Vaults)
 34601 | Vaults:2 | Noticed Aizul
 34607 | Vaults:2 | Killed Aizul
 34797 | Vaults:2 | Reached XP level 18. HP: 136/136 MP: 25/25
 35001 | Vaults:2 | Noticed Sojobo
 35010 | Vaults:2 | Killed Sojobo
 35427 | Vaults:2 | Received a gift from Yredelemnul (a flayed ghost)
 35850 | Vaults:2 | Reached skill level 16 in Polearms
 36209 | Vaults:3 | Found a staircase to the Crypt.
 36380 | Vaults:3 | Received a gift from Yredelemnul (a skeletal warrior)
 36608 | Vaults:3 | Received a gift from Yredelemnul (a flayed ghost)
 36679 | Vaults:3 | Reached XP level 19. HP: 98/145 MP: 27/27
 36680 | Vaults:3 | Received a gift from Yredelemnul (a profane servitor)
 36826 | Vaults:3 | Received a gift from Yredelemnul (a skeletal warrior)
 36923 | Vaults:3 | Received a gift from Yredelemnul (a skeletal warrior)
 37172 | Vaults:3 | Received a gift from Yredelemnul (a vampire knight)
 37532 | Vaults:4 | Received a gift from Yredelemnul (a skeletal warrior)
 37607 | Vaults:4 | Found a magical portal.
 37612 | WizLab   | Entered Doroklohe's Tomb
 37846 | WizLab   | Noticed an ancient lich
 37867 | WizLab   | Killed an ancient lich
 37920 | WizLab   | Received a gift from Yredelemnul (a vampire)
 38713 | Vaults:4 | Found Zoille's Weapon Shoppe.
 39063 | Vaults:4 | Received a gift from Yredelemnul (a vampire knight)
 39371 | Crypt:1  | Entered Level 1 of the Crypt
 39670 | Crypt:1  | Reached skill level 17 in Polearms
 39893 | Crypt:1  | Received a gift from Yredelemnul (a bone dragon)
 40109 | Crypt:1  | Reached XP level 20. HP: 120/155 MP: 29/29
 40491 | Crypt:2  | Received a gift from Yredelemnul (a flayed ghost)
 40939 | Crypt:2  | Received a gift from Yredelemnul (a phantasmal warrior)
 40984 | Crypt:2  | Noticed a bone dragon
 40991 | Crypt:2  | Received a gift from Yredelemnul (a vampire knight)
 41003 | Crypt:2  | Killed a bone dragon
 41626 | Crypt:3  | Entered Level 3 of the Crypt
 41934 | Crypt:3  | Got a steaming robe
 41935 | Crypt:3  | Identified the +2 robe of Tasiuby {*Slow rC+ Stlth+} (You found it on level 3 of the Crypt)
 42106 | Crypt:3  | Found a staircase to the Tomb.
 42138 | Crypt:3  | Received a gift from Yredelemnul (a skeletal warrior)
 42167 | Crypt:3  | Got a steaming chain mail
 42168 | Crypt:3  | Identified the cursed +0 chain mail of Nopp {rPois Dex+3 Stlth+} (You found it on level 3 of the Crypt)
 42587 | Crypt:3  | Found an ancient bone altar of Kikubaaqudgha.
 42597 | Crypt:3  | Noticed an ancient lich
 42610 | Crypt:3  | Killed an ancient lich
 42705 | Crypt:3  | Noticed an ancient lich
 42713 | Crypt:3  | Killed an ancient lich
 43311 | Crypt:3  | Received a gift from Yredelemnul (a skeletal warrior)
 43933 | Elf:1    | Entered Level 1 of the Elven Halls
 44325 | Elf:1    | Reached skill level 18 in Polearms
 44575 | Elf:1    | Reached XP level 21. HP: 132/164 MP: 30/30
 44682 | Elf:1    | Received a gift from Yredelemnul (a bone dragon)
 44728 | Elf:1    | Received a gift from Yredelemnul (a vampire)
 45122 | Elf:2    | Reached skill level 10 in Armour
 45325 | Elf:2    | Found a runed gate.
 45325 | Elf:2    | Found a runed gate.
 45340 | Elf:2    | Found a runed gate.
 45603 | Elf:2    | Received a gift from Yredelemnul (a vampire knight)
 45710 | Elf:2    | Received a gift from Yredelemnul (a vampire knight)
 45959 | Elf:2    | Got a dazzling leather armour
 45960 | Elf:2    | Identified the cursed +0 leather armour of Ugugorub {Str+6 Dex-2} (You found it on level 2 of the Elven Halls)
 45991 | Elf:3    | Entered Level 3 of the Elven Halls
 46151 | Elf:3    | Received a gift from Yredelemnul (a skeletal warrior)
 46303 | Elf:3    | Got an ancient jade ring
 46514 | Elf:3    | Found Gois's Gadget Boutique.
 46514 | Elf:3    | Found Weoschuh's Jewellery Emporium.
 46519 | Elf:3    | Found Sinoezxikk's Gadget Boutique.
 46527 | Elf:3    | Bought the ring of Veptuxt {+Inv rF++ rC+ Int+6} for 1940 gold pieces
 46529 | Elf:3    | Identified the ring "Setac" {rN+ Str+3 Dex+4} (You took it off a deep elf death mage on level 3 of the Elven Halls)
 46664 | Elf:3    | Identified a scroll of acquirement
 46728 | Elf:3    | Found Naguungo's Book Shoppe.
 46933 | Elf:3    | Found Yrebrera's Magic Scroll Shoppe.
 46943 | Elf:3    | Bought a scroll of blinking for 105 gold pieces
 46943 | Elf:3    | Bought a scroll of acquirement for 728 gold pieces
 46943 | Elf:3    | Bought a scroll of teleportation for 42 gold pieces
 46943 | Elf:3    | Bought a scroll of teleportation for 42 gold pieces
 47008 | Elf:3    | Got a fine trident {pierce}
 47014 | Elf:3    | Got a bound bronze amulet
 47129 | Elf:3    | Got a pair of encrusted gloves
 47133 | Elf:3    | Got an ichor-stained cloak
 47144 | Elf:3    | Identified the +2 cloak of Love and Death {rC- Int+8} (You found it on level 3 of the Elven Halls)
 47144 | Elf:3    | Identified the cursed +0 pair of gloves of Arovut {rN++ Str+3} (You found it on level 3 of the Elven Halls)
 47145 | Elf:3    | Identified the amulet "Erghyfuto" {RegenMP MR+ SInv} (You took it off a deep elf elementalist on level 3 of the Elven Halls)
 47250 | Elf:3    | Got an encrusted chain mail
 47251 | Elf:3    | Identified the +5 chain mail of Vampiric Thralls {rElec Slay+2} (You found it on level 3 of the Elven Halls)
 47252 | Elf:3    | Identified the +6 trident "Ipnizinn" {pierce, Str+9 Int-3} (You took it off a deep elf elementalist on level 3 of the Elven Halls)
 47466 | Elf:3    | Got an ancient chain mail
 47467 | Elf:3    | Identified the +2 chain mail "Hesa" {rN+ Int+6} (You found it on level 3 of the Elven Halls)
 47738 | Depths:1 | Entered Level 1 of the Depths
 47973 | Depths:1 | Received a gift from Yredelemnul (a skeletal warrior)
 48187 | Depths:1 | Found a shimmering altar of Xom.
 48679 | Depths:1 | Found a gateway to Hell.
 48789 | Depths:1 | Received a gift from Yredelemnul (a flayed ghost)
 49057 | Depths:1 | Reached XP level 22. HP: 154/173 MP: 32/32
 49105 | Depths:2 | Received a gift from Yredelemnul (a flayed ghost)
 49346 | Depths:2 | Found a one-way gate to the infinite horrors of the Abyss.
 49444 | Depths:2 | Reached skill level 19 in Polearms
 49501 | Depths:2 | Received a gift from Yredelemnul (a skeletal warrior)
 49852 | Depths:2 | Reached skill level 15 in Fighting
 49857 | Depths:2 | Received a gift from Yredelemnul (a ghoul)
 49894 | Depths:2 | Found a gateway to a ziggurat.
 50409 | Depths:3 | Noticed Xtahua
 50439 | Depths:3 | Killed Xtahua
 50450 | Depths:3 | Received a gift from Yredelemnul (a vampire)
 50901 | Depths:3 | Found a one-way gate leading to the halls of Pandemonium.
 51245 | Depths:3 | Noticed junb69's ghost (veteran DrGl)
 51279 | Depths:3 | Killed junb69's ghost
 52015 | Depths:4 | Found a shattered altar of Ashenzari.
 52181 | Depths:4 | Received a gift from Yredelemnul (a ghoul)
 52771 | Depths:4 | Got a pair of ichor-stained boots
 52777 | Depths:4 | Identified the -5 pair of boots of Trumpets {rN++ MR+++} (You acquired it on level 4 of the Depths)
 52818 | Depths:4 | Reached XP level 23. HP: 163/182 MP: 33/33
 52835 | Depths:5 | Entered Level 5 of the Depths
 52974 | Depths:5 | Received a gift from Yredelemnul (a skeletal warrior)
 53089 | Depths:5 | Found a gate to the Realm of Zot.
 53177 | Depths:5 | Found a sacrificial altar of Ru.
 53178 | Depths:5 | Found a sacrificial altar of Ru.
 53178 | Depths:5 | Found a shimmering altar of Xom.
 53238 | Depths:5 | Received a gift from Yredelemnul (a ghoul)
 53341 | Depths:5 | Noticed a juggernaut
 53343 | Depths:5 | Noticed a caustic shrike
 53353 | Depths:5 | Killed a caustic shrike
 53353 | Depths:5 | Reached skill level 20 in Polearms
 53360 | Depths:5 | Killed a juggernaut
 53497 | Depths:5 | Killed Margery
 53503 | Depths:5 | Received a gift from Yredelemnul (a phantasmal warrior)
 53565 | Depths:5 | Received a gift from Yredelemnul (a vampire knight)
 53686 | Depths:5 | Noticed a juggernaut
 53696 | Depths:5 | Killed a juggernaut
 53774 | Depths:5 | Received a gift from Yredelemnul (a vampire)
 53864 | Depths:5 | Noticed an ancient lich
 53873 | Depths:5 | Killed an ancient lich
 54551 | Slime:1  | Entered Level 1 of the Pits of Slime
 54798 | Slime:1  | Received a gift from Yredelemnul (a ghoul)
 55246 | Slime:2  | Received a gift from Yredelemnul (a ghoul)
 55255 | Slime:2  | Reached XP level 24. HP: 193/193 MP: 20/33
 55801 | Slime:4  | Received a gift from Yredelemnul (a phantasmal warrior)
 56636 | Slime:5  | Entered Level 5 of the Pits of Slime
 56667 | Slime:5  | Received a gift from Yredelemnul (a vampire knight)
 56980 | Slime:5  | Noticed the Royal Jelly
 56992 | Slime:5  | Killed the Royal Jelly
 57280 | Slime:5  | Reached skill level 21 in Polearms
 57291 | Slime:5  | Got a pair of distressingly furry gloves
 57295 | Slime:5  | Got a pair of shimmering gloves
 57297 | Slime:5  | Identified the cursed +0 pair of gloves of Virtue {rElec rF+ Int+3} (You found it on level 5 of the Pits of Slime)
 57298 | Slime:5  | Identified the cursed +0 pair of gloves of the Dozen Lies {rElec Int+3} (You found it on level 5 of the Pits of Slime)
 57336 | Slime:5  | Got a jewelled scale mail
 57337 | Slime:5  | Identified the +4 scale mail "Seas" {rElec rPois rC-} (You found it on level 5 of the Pits of Slime)
 57348 | Slime:5  | Got a slimy rune of Zot
 58156 | D:3      | Fell from the grace of Yredelemnul
 58156 | D:3      | Became a worshipper of Makhleb the Destroyer
 58542 | Depths:1 | Learned a level 6 spell: Deflect Missiles
 58545 | Depths:1 | Learned a level 2 spell: Repel Missiles
 58555 | Depths:1 | Learned a level 9 spell: Tornado
 58832 | Zot:1    | Entered Level 1 of the Realm of Zot
 58946 | Zot:1    | Reached skill level 1 in Spellcasting
 59011 | Zot:1    | Reached skill level 1 in Air Magic
 59325 | Zot:1    | Reached * piety under Makhleb
 59767 | Zot:1    | Reached XP level 25. HP: 202/202 MP: 33/33
 60224 | Zot:2    | Reached ** piety under Makhleb
 60334 | Zot:2    | Reached skill level 5 in Spellcasting
 61445 | Zot:2    | Reached *** piety under Makhleb
 61560 | Zot:3    | Noticed an orb of fire
 62762 | Tomb:1   | Entered Level 1 of the Tomb of the Ancients
 62855 | Tomb:1   | Reached **** piety under Makhleb
 62940 | Tomb:1   | Reached skill level 5 in Air Magic
 63171 | Tomb:1   | Noticed Boris
 63196 | Tomb:1   | Killed Boris
 63451 | Tomb:1   | Reached ***** piety under Makhleb
 63493 | Tomb:1   | Noticed Jorgrun
 63513 | Tomb:1   | Killed Jorgrun
 64455 | Tomb:2   | Noticed a greater mummy
 64456 | Tomb:2   | Noticed a greater mummy
 64484 | Tomb:2   | Noticed a greater mummy
 64486 | Tomb:2   | Noticed a greater mummy
 64502 | Tomb:1   | Killed a greater mummy
 64502 | Tomb:1   | Reached skill level 22 in Polearms
 64502 | Tomb:1   | Gained mutation: You are strongly in touch with the powers of death. [Mummy growth]
 64502 | Tomb:1   | Reached XP level 26. HP: 123/211 MP: 35/35
 65302 | Depths:2 | Voluntarily entered the Abyss.
 65302 | Abyss:1  | Found a corrupted altar of Lugonu.
 65317 | Abyss:1  | Found a corrupted altar of Lugonu.
 65925 | Abyss:1  | Was forgiven by Yredelemnul
 66221 | Abyss:1  | Reached ****** piety under Makhleb
 66821 | Abyss:1  | Paralysed by accursed screaming for 1 turns
 66844 | Abyss:1  | Paralysed by accursed screaming for 1 turns
 67037 | Abyss:1  | Paralysed by you for 4 turns
 67221 | Abyss:1  | Found a corrupted altar of Lugonu.
 67271 | Abyss:1  | Found a corrupted altar of Lugonu.
 67309 | Abyss:1  | Got a steaming amethyst amulet
 67312 | Abyss:1  | Identified the amulet of Yvvucw {Faith Str+3} (You found it on level 1 of the Abyss)
 67405 | Abyss:1  | Found a corrupted altar of Lugonu.
 68450 | Abyss:1  | Paralysed by accursed screaming for 1 turns
 68460 | Abyss:1  | Paralysed by accursed screaming for 1 turns
 68522 | Abyss:1  | Paralysed by accursed screaming for 1 turns
 69223 | Abyss:1  | Reached skill level 10 in Spellcasting
 69261 | Abyss:1  | Paralysed by accursed screaming for 1 turns
 69273 | Abyss:1  | Paralysed by accursed screaming for 1 turns
 69281 | Abyss:1  | Paralysed by accursed screaming for 1 turns
 70205 | Abyss:1  | Reached XP level 27. HP: 220/220 MP: 37/37
 70960 | Abyss:1  | Paralysed by accursed screaming for 1 turns
 71581 | Abyss:1  | Found a corrupted altar of Lugonu.
 71700 | Abyss:1  | Found a corrupted altar of Lugonu.
 71742 | Abyss:1  | Reached skill level 23 in Polearms
 72243 | Abyss:1  | Paralysed by accursed screaming for 2 turns
 72249 | Abyss:1  | Paralysed by accursed screaming for 2 turns
 72824 | Abyss:1  | Found a sparkling altar of Nemelex Xobeh.
 72882 | Abyss:1  | Found a deep blue altar of Sif Muna.
 74219 | Abyss:1  | Found a shimmering altar of Xom.
 74562 | Abyss:1  | Noticed an ancient lich
 74576 | Abyss:1  | Killed an ancient lich
 75017 | Abyss:1  | Found a hide-covered altar of Uskayaw.
 75044 | Abyss:1  | Found a hide-covered altar of Uskayaw.
 75125 | Abyss:1  | Paralysed by accursed screaming for 1 turns
 75515 | Abyss:1  | Found a corrupted altar of Lugonu.
 76007 | Abyss:1  | Paralysed by accursed screaming for 1 turns
 76675 | Abyss:1  | Paralysed by accursed screaming for 1 turns
 76752 | Depths:2 | Escaped the Abyss
 77191 | Zot:3    | Killed an orb of fire
 77493 | Zot:4    | Reached skill level 10 in Air Magic
 77527 | Zot:4    | Reached skill level 24 in Polearms
 77825 | Zot:4    | Got a pair of distressingly furry boots
 77826 | Zot:4    | Identified the +2 pair of boots "Fasecu" {MR+ Str+4 Int+3} (You found it on level 4 of the Realm of Zot)
 78177 | Zot:4    | Noticed an orb of fire
 78209 | Zot:4    | Killed an orb of fire
 78253 | Zot:4    | Noticed an orb of fire
 78706 | Hell     | Entered the Vestibule of Hell
 78706 | Hell     | Noticed Geryon
 78878 | Hell     | HP: 11/226 [reaper/scythe of venom (37)]
 78890 | Hell     | HP: 6/226 [hell beast[Geryon] (11)]
 78891 | Hell     | Mangled by a soul eater

Vault maps used:
D:1:      shiori_arrival_elements, corexii_leaking_fountain
D:2:      first_bread
D:3:      cheibrodos_greedy_goblins, gammafunk_temple_overflow_elements,
          uniq_iyjb
D:4:      serial_shops, shop, minmay_rat_hole
D:5:      black_bear_nest_2, serial_shops, shop, mrwooster_statue_mirror
D:6:      old_standard_altar, uniq_grinder
D:7:      zin_statuary, minivault_27, uniq_crazy_yiuf_cottage
D:9:      led_sif_book, lair_entry_dummy,
          kennysheep_orc_monster_closet_entryway, serial_shops, shop,
          hangedman_pestilent_swarm
D:10:     minmay_smoke_and_mirrors, kennysheep_generic_room_10
D:11:     portal_ice_cave_rime, serial_shops, kennysheep_mini_moat, minivault_26
D:12:     mludivico_vault, serial_shops, nicolae_shop_behind_doors,
          serial_bayou_pond_e
D:13:     uniq_kirke, uniq_maurice
D:14:     lightli_vaults_fourway_checkpoint, kennysheep_generic_room_11
D:15:     grunt_enter_depths_snipers, elyvilon_altar_3, basic_altar,
          minmay_misc_feat_x, nicolae_qazlal_style_of_elements, uniq_azrael
Temple:   nicolae_temple_elliptical
Lair:1:   uniq_harold, uniq_gastronok
Lair:2:   nicolae_spider_entry_non_spiders, grunt_megastairs_4,
          lemuel_fruit_tree, minmay_lair_oklob_chamber
Lair:4:   swamp_mist, basic_altar, uniq_nessos
Lair:5:   slime_dummy, eino_small_chamber_without_monster, uniq_josephine,
          uniq_urug
Lair:6:   hangedman_lair_in_review, guppyfry_lair_end_dragon
Swamp:1:  evilmike_swamp_ruin_rubble_2, swamp_pool1, ldierk_geyser,
          hangedman_swamp_cone, cheibrodos_swamp_minitomb
Swamp:2:  evilmike_swamp_ruin_house_5, swamp_pool1
Swamp:3:  nicolae_swamp_treefoil, swamp_pool3
Swamp:4:  swamp_basic_johnstein
Spider:2: spiders_nest_spider_trap, nicolae_spider_cling_ruins, uniq_nikola,
          uniq_frances, uniq_louise, uniq_donald
Spider:4: spider_rune_water, hangedman_spider_tarantella_strand
Slime:1:  cheibrodos_slime_lost_civilization_5
Orc:1:    uniq_fannar, uniq_erica
Orc:2:    kennysheep_orc_mage_school
Elf:1:    minivault_28
Elf:2:    minivault_16, grunt_megastairs_3
Elf:3:    minmay_elf_hall_curves, serial_shops, shop_fountains,
          nicolae_shop_trees, minmay_shop_grove, basic_stair_grate_trap
Vaults:1: hangedman_vaults_capsules, v_misc_33, v_misc_13,
          hangedman_vaults_pinch, v_pattern_4, vaults_room_door_ring,
          nicolae_vaults_rhombus_7, ontoclasm_vaults_chip, serial_shops, shop,
          nicolae_shop_stone
Vaults:2: v_alt_pattern_5, v_misc_11, vaults_room_door_ring,
          ontoclasm_vaults_shuriken, st_smaller_cells,
          ontoclasm_vaults_ring_square, dpeg_vaults_monster_row,
          hangedman_vaults_corner, v_misc_19, v_misc_1,
          hangedman_vaults_stretched_pinwheel, vaults_dpeg_cross,
          dpeg_vaults_monster_box, nicolae_vaults_little_squares_6, uniq_sojobo,
          uniq_aizul
Vaults:3: vaults_room_pool, grunt_vaults_hallway_long, hangedman_vaults_stagger,
          minmay_crypt_entry_simple_corners, grunt_vaults_twisty,
          vaults_standard_mumra_lines, ontoclasm_vaults_chip, v_misc_30,
          ontoclasm_vaults_ring_square, ontoclasm_vaults_gateway,
          nicolae_vaults_octagons, nicolae_vaults_rhombus_7,
          hangedman_vaults_trim, nicolae_vaults_little_squares_5
Vaults:4: nicolae_vaults_network_quincunx, v_misc_26, ontoclasm_vaults_chip,
          v_misc_4, ontoclasm_vaults_hangar, nicolae_vaults_shelves_hall,
          v_misc_9, v_misc_22, vaults_room_grid, nicolae_vaults_sealed_display,
          mu_enter_wizlab_4, serial_shops, shop
Crypt:1:  moated_statue, minmay_misc_feat_ornament, nicolae_crypt_soggy_tomb
Crypt:2:  hangedman_staggered_hall, basic_stair_grate_trap
Crypt:3:  quadcrypt_mu
Tomb:1:   uniq_jorgrun, uniq_boris
Depths:1: hangedman_decor_points, grunt_metal_band, tgw_xom,
          hangedman_decor_cross_pass
Depths:2: kennysheep_blocky_room, enter_ziggurat_c, pf_hell_entry_tar_spiral,
          grunt_decor_mini_mirrors, abyss_entry, minmay_staircase_windowed_large
Depths:3: kennysheep_bubbly, rand_demon_pan_entry_9, hell_entry,
          minmay_misc_feat_roman, infiniplex_staircase_zigzag_4, uniq_xtahua
Depths:4: kennysheep_large_spiral, ashenzari_altar_1, abyss_entry, hell_entry,
          kennysheep_small_spiral
Depths:5: hangedman_slaughterboxes, serial_shops, abyss_entry, hell_entry,
          uniq_margery
Zot:1:    st_large_dragon_hoard_4
Zot:2:    grunt_ministairs_13, grunt_megastairs_2
Zot:4:    grunt_deathspiral_small, st_stairs_4
IceCv:    ice_cave_caverns_02
WizLab:   wizlab_doroklohe

Skill      XL: |  1  2  3  4  5  6  7  8  9 10 11 12 13 14 15 16 17 18 19 20 21 22 23 24 25 26 27 |
---------------+----------------------------------------------------------------------------------+-----
Polearms       | 3 4 5 6 8 9 11 12 13 14 15 16 17 18 19 20 21 22 24 | 24.1
Armour         | 1 2 3 4 5 6 7 8 9 10 11 12 13 | 13.4
Dodging        | 3 4 5 6 7 8 9 |  9.5
Shields        | 1 2 3 4 5 6 7 9 10 12 13 16 17 18 19 20 21 | 21.8
Fighting       | 3 4 5 6 7 8 9 10 11 12 13 14 15 16 17 18 20 | 20.4
Invocations    | 2 4 6 7 8 9 10 11 12 13 14 | 14.0
Spellcasting   | 4 8 10 14 | 14.5
Air Magic      | 3 5 7 10 | 10.5
Maces & Flails | |  0.2
Throwing       | |  1.5
Charms         | |  0.7
Evocations     | |  0.1

Action                   |  1- 3 |  4- 6 |  7- 9 | 10-12 | 13-15 | 16-18 | 19-21 | 22-24 | 25-27 || total
-------------------------+-------+-------+-------+-------+-------+-------+-------+-------+-------++-------
Melee: Trident           |   131 |   320 |   595 |  1100 |  1655 |   309 |       |       |       ||  4110
       Demon trident     |       |       |       |       |    28 |  1191 |  2005 |  2429 |  6196 || 11849
       Great mace        |       |       |       |       |       |       |     8 |       |       ||     8
 Cast: Repel Missiles    |       |       |       |       |       |       |       |       |    11 ||    11
Invok: Animate Dead      |       |       |       |    40 |    36 |    33 |     8 |     1 |       ||   118
       Animate Remains   |       |       |       |     2 |       |       |       |       |       ||     2
       Recall Undead Sla |       |       |       |     7 |     5 |     4 |     7 |     1 |       ||    24
       Drain Life        |       |       |       |       |     2 |     3 |     7 |     2 |       ||    14
       Injury Mirror     |       |       |       |       |       |     1 |     2 |     3 |       ||     6
       Minor Destruction |       |       |       |       |       |       |       |       |     1 ||     1
       Greater Servant o |       |       |       |       |       |       |       |       |     1 ||     1
 Abil: Evoke Blink       |       |       |       |       |       |     1 |       |       |       ||     1
Evoke: Wand              |       |       |     6 |     5 |     1 |       |    11 |       |     1 ||    24
       Phantom mirror    |       |       |       |       |       |       |       |     1 |       ||     1
       Box of beasts     |       |       |       |       |       |       |       |       |     1 ||     1
  Use: Scroll            |       |     8 |     9 |     8 |    14 |    13 |    21 |    15 |    16 ||   104
 Stab: Distracted        |       |       |       |    11 |    22 |    39 |    25 |    14 |     3 ||   114
       Paralysed         |       |       |       |       |       |     3 |     6 |     2 |       ||    11
       Betrayed ally     |       |       |       |       |       |       |     2 |       |       ||     2
       Invisible         |       |       |       |       |       |       |       |       |     2 ||     2
Armor: Leather armour    |     6 |       |       |       |       |       |       |       |       ||     6
       Chain mail        |    59 |    65 |   115 |   299 |   317 |   252 |   321 |   616 |   404 ||  2448
       Scale mail        |       |    35 |    63 |       |       |       |       |       |       ||    98
       Fire dragon scale |       |       |       |       |       |       |       |       |   750 ||   750
Dodge: Dodged            |    33 |    66 |   105 |   184 |   252 |   217 |   319 |   483 |  1147 ||  2806
       Deflected         |       |       |       |       |       |       |       |       |    27 ||    27
Block: Shield            |    31 |   165 |   356 |   656 |   756 |   739 |   868 |  1528 |  3530 ||  8629
